 Dungeon Crawl Stone Soup version 0.22-a0-407-gb098539 (webtiles) character file.

280 dstrtnsr the Chopper (level 6, 0/84 HPs)
             Began as a Hill Orc Berserker on May 9, 2018.
             Was a Believer of Trog.
             Succumbed to a killer bee's poison
             ... on level 3 of the Dungeon.
             The game lasted 00:01:15 (1207 turns).

dstrtnsr the Chopper (Hill Orc Berserker)           Turns: 1207, Time: 00:01:15

Health: 0/84       AC:  6    Str: 27    XL:     6   Next: 27%
Magic:  6/6        EV: 10    Int:  7    God:    Trog [**....]
Gold:   5          SH:  0    Dex: 10    Spells: 5/5 levels left

rFire    . . .     SeeInvis .   a - +0 hand axe
rCold    . . .     Gourm    .   (no shield)
rNeg     . . .     Faith    .   i - +0 scale mail
rPois    .         Spirit   .   (no helmet)
rElec    .         Reflect  .   (no cloak)
rCorr    .         Harm     .   (no gloves)
MR       .....                  (no boots)
Stlth    ..........             (no amulet)
HPRegen  0.24/turn              (no ring)
MPRegen  0.10/turn              (no ring)

@: berserking (expiring), lethally poisoned (0 -> -37), very quick
A: no striking features
a: Berserk, Trog's Hand, Renounce Religion


You were on level 3 of the Dungeon.
You worshipped Trog.
Trog was pleased with you.
You were very hungry.

You visited 1 branch of the dungeon, and saw 3 of its levels.

You collected 5 gold pieces.

Inventory:

Hand Weapons
 a - a +0 hand axe (weapon)
Armour
 i - a +0 scale mail (worn)
Jewellery
 b - an uncursed ring of see invisible {unknown}
Wands
 M - a wand of polymorph (7)
Scrolls
 f - a scroll of identify {unknown}
 g - 2 scrolls of remove curse {unknown}
Potions
 d - a potion of heal wounds
 h - a potion of cancellation {unknown}
Comestibles
 e - 3 rations {!d}


   Skills:
 + Level 5.5 Fighting
 * Level 7.7 Axes
 - Level 2.1 Armour
 - Level 1.5 Dodging


You had 5 spell levels left.
You didn't know any spells.

Dungeon Overview and Level Annotations

Branches:
Dungeon (3/15)

Altars:
Kikubaaqudgha


Message History

A killer bee comes into view.
A red film seems to cover your vision as you go berserk!
You feel yourself moving faster!
You feel mighty!
You are feeling very hungry.
The killer bee buzzes angrily.
The killer bee misses you. The killer bee stings you!
The killer bee stings you. The killer bee closely misses you.
You are too berserk!
You closely miss the killer bee. You barely miss the killer bee. x2
The killer bee stings you but does no damage. x2
The killer bee closely misses you.
The killer bee stings you but does no damage.
You slash the killer bee!
You kill the killer bee!
Trog accepts your kill.
Your Fighting skill increases to level 5!
You have reached level 5!
You feel stronger.
You miss the killer bee.
You hit the killer bee but do no damage.
The killer bee closely misses you. x2
You hit the killer bee.
The killer bee is moderately wounded.
You hit the killer bee. The killer bee closely misses you.
The killer bee misses you. The killer bee stings you.
You are poisoned.
The killer bee poisons you!
Unknown command.
You miss the killer bee.
The killer bee is moderately wounded.
You miss the killer bee. You slash the killer bee!
You feel sick.
The killer bee stings you but does no damage. x2
You barely miss the killer bee.
The killer bee is heavily wounded.
You miss the killer bee. x2; The killer bee stings you.
You are more poisoned.
The killer bee poisons you! The killer bee barely misses you.
The killer bee stings you.
You are more poisoned.
The killer bee poisons you! The killer bee closely misses you.
You slash the killer bee!
You kill the killer bee!
Trog accepts your kill.
Your Axes skill increases to level 7!
You miss the killer bee. x2; You closely miss the killer bee.
You feel sick.
The killer bee stings you but does no damage.
The killer bee barely misses you. The killer bee closely misses you.
The killer bee stings you!
* * * LOW HITPOINT WARNING * * *
You are too injured to fight recklessly!
You are too injured to fight recklessly!
You are too injured to fight recklessly!
Unknown command.
You are too injured to fight recklessly!
You miss the killer bee.
The killer bee is moderately wounded.
You slash the killer bee!
Your scale mail prevents you from hitting the killer bee.
* * * LOW HITPOINT WARNING * * *
You feel sick. The killer bee stings you.
* * * LOW HITPOINT WARNING * * *
You are more poisoned.
The killer bee poisons you! The killer bee closely misses you.
The killer bee stings you.
* * * LOW HITPOINT WARNING * * *
You are more poisoned.
The killer bee poisons you! The killer bee stings you.
* * * LOW HITPOINT WARNING * * *
You are more poisoned.
The killer bee poisons you!
Unknown command.
You barely miss the killer bee.
The killer bee is moderately wounded.
You barely miss the killer bee.
Your scale mail prevents you from hitting the killer bee.
* * * LOW HITPOINT WARNING * * *
You feel sick. The killer bee barely misses you. The killer bee stings you.
* * * LOW HITPOINT WARNING * * *
The killer bee barely misses you.
You slash the killer bee!
The killer bee is almost dead.
You miss the killer bee. You barely miss the killer bee.
* * * LOW HITPOINT WARNING * * *
You feel sick. The killer bee barely misses you. The killer bee stings you.
* * * LOW HITPOINT WARNING * * *
The killer bee stings you.
* * * LOW HITPOINT WARNING * * *
You slash the killer bee!
You kill the killer bee!
Trog accepts your kill.
You have reached level 6!
Your experience leads to an increase in your attributes!
Your base attributes are Str 21, Int 7, Dex 10.
Increase (S)trength, (I)ntelligence, or (D)exterity?
You feel stronger.
You slash the killer bee!
You kill the killer bee!
Trog accepts your kill.
You hit the killer bee.
You die...

....######
...#....######
...#..........
..#..........
#.#......... #
#.#.....#
.##.###y†..<..##
.......†@..........
.##.##.†####.######
#....y†....#
....##......... ###
##.####### #.# #.#
#.# #..


You could see 2 killer bees.

Vanquished Creatures
  4 killer bees (D:3)
  Natasha (thrice) (D:2)
  A worm (D:2)
  2 dart slugs (D:2)
  A leopard gecko (D:1)
  A giant cockroach (D:1)
  2 goblins (D:1)
  3 hobgoblins (D:1)
  2 jackals (D:2)
  4 bats
  A frilled lizard (D:2)
  5 kobolds
  A rat (D:1)
30 creatures vanquished.

Notes
Turn   | Place    | Note
-------+----------+-------------------------------------------
     0 | D:1      | dstrtnsr the Hill Orc Berserker began the quest for the Orb.
     0 | D:1      | Reached XP level 1. HP: 19/19 MP: 1/1
   138 | D:1      | HP: 8/20 [hobgoblin/club (4)]
   439 | D:1      | Reached XP level 2. HP: 20/27 MP: 2/2
   474 | D:1      | HP: 9/27 [leopard gecko (2)]
   476 | D:1      | HP: 4/27 [leopard gecko (2)]
   512 | D:2      | Noticed Natasha
   518 | D:2      | Killed Natasha
   518 | D:2      | Reached skill level 5 in Axes
   518 | D:2      | Reached XP level 3. HP: 27/33 MP: 3/3
   533 | D:2      | HP: 12/33 [dart slug/slug dart (8)]
   851 | D:2      | Noticed Natasha
   858 | D:2      | Killed Natasha
   858 | D:2      | Reached XP level 4. HP: 41/41 MP: 4/4
   902 | D:2      | Noticed Natasha
   917 | D:2      | Killed Natasha
   917 | D:2      | Reached skill level 6 in Axes
   920 | D:2      | Reached ** piety under Trog
   931 | D:2      | Found an ancient bone altar of Kikubaaqudgha.
  1199 | D:3      | Reached skill level 5 in Fighting
  1199 | D:3      | Reached XP level 5. HP: 37/48 MP: 5/5
  1202 | D:3      | HP: 28/72 [killer bee (2)]
  1203 | D:3      | Reached skill level 7 in Axes
  1204 | D:3      | HP: 12/72 [killer bee (3)]
  1206 | D:3      | HP: 4/72 [poisoned by a killer bee]
  1206 | D:3      | HP: 1/72 [killer bee (1)]
  1207 | D:3      | Reached XP level 6. HP: 1/56 MP: 6/6
  1207 | D:3      | Succumbed to a killer bee's poison

Vault maps used:
D:1:      ncdulo_halloftheorcs, grunt_decor_resistance
D:2:      kiku_gazebo_pond_becter, uniq_natasha
D:3:      first_ration, serial_bayou_ford_a

Skill      XL: |  1  2  3  4  5 |
---------------+----------------+-----
Fighting       | 4 5 |  5.5
Axes           | 5 6 7 |  7.7
Armour         | |  2.1
Dodging        | |  1.5

Action                   |  1- 3 |  4- 6 || total
-------------------------+-------+-------++-------
Melee: Hand axe          |    83 |    35 ||   118
       Unarmed           |     4 |     6 ||    10
Invok: Berserk           |     3 |     1 ||     4
  Use: Potion            |     1 |       ||     1
  Eat: Chunk             |     1 |     2 ||     3
Armor: Animal skin       |    20 |       ||    20
       Scale mail        |    29 |    12 ||    41
       Skin              |       |     3 ||     3
Dodge: Dodged            |    79 |    44 ||   123

Table legend:
 A = Spawn XP
 B = Non-spawn XP
 C = Spawn XP percentage of total XP
 D = Spawn monster count
 E = Non-spawn monster count
 F = Spawn count percentage of total count
 G = Total turns spent on level
                    A         B        C        D         E        F      G
               +---------+---------+-------+---------+---------+-------+---------
         Total |       0 |     400 |   0.0 |       0 |      30 |   0.0 |  1207
               +---------+---------+-------+---------+---------+-------+---------
           D:1 |       0 |      17 |   0.0 |       0 |      10 |   0.0 |   508
           D:2 |       0 |     128 |   0.0 |       0 |      14 |   0.0 |   668
           D:3 |       0 |     255 |   0.0 |       0 |       6 |   0.0 |    31
               +---------+---------+-------+---------+---------+-------+---------
